 Dungeon Crawl Stone Soup version 0.31.0-1-g2c135a008e (webtiles) character file.

Game seed: 13661050394636052712

328 EnegeticOcto the Ruffian (level 6, 0/59 HPs)
             Began as a Troll Delver on Jan 20, 2024.
             Slain by Sigmund
             ... wielding a +4 scythe of protection
              (10 damage)
             ... on level 5 of the Dungeon.
             The game lasted 00:02:05 (178 turns).

EnegeticOcto the Ruffian (Troll Delver)              Turns: 178, Time: 00:02:05

Health: 0/59       AC:  4    Str: 23    XL:     6   Next: 25%
Magic:  5/5        EV:  9    Int:  6    God:
Gold:   0          SH:  0    Dex: 11    Spells: 5/5 levels left

rFire   . .          .
                       - Unarmed
rCold   . . .        g - orb {*Rage}
rNeg    . . .        a - +0 robe
rPois   .            (helmet restricted)
rElec   .            (no cloak)
rCorr   .            (gloves unavailable)
SInv    .            (boots unavailable)
Will    .....        (no amulet)
Stlth   ++           (no ring)
HPRegen 1.09/turn    (no ring)
MPRegen 0.09/turn

%: random rage (20%)
@: brilliant, on berserk cooldown
A: large, unfitting armour, claws 3, regeneration 1, shaggy fur 1, tough skin 1
a: no special abilities


You were on level 5 of the Dungeon.
You visited 1 branch of the dungeon, and saw 4 of its levels.

Inventory:

Armour
 a - a +0 robe (worn)
 g - an orb of wrath (worn)
   (You found it on level 5 of the Dungeon)
Wands
 f - a wand of digging (3) {@v3}
Scrolls
 b - a scroll of fog {!r}
 d - a scroll of fear {!r}
 i - a scroll of identify {unknown}
 j - a scroll of enchant weapon {unknown}
Potions
 c - a potion of heal wounds {unknown}
 e - a potion of haste {@q4 !q}


   Skills:
 - Level 2.4 Fighting
 - Level 1.5 Dodging
 - Level 2.7 Stealth
 + Level 6.7 Unarmed Combat


You had 5 spell levels left.
You didn't know any spells.
Your spell library was empty.

Dungeon Overview and Level Annotations

Branches:
Dungeon (5/15) Zot: 23804
 Temple: D:4-7

Altars:

Annotations:
D:3 1 transporter
D:5 Sigmund


Innate Abilities, Weirdness & Mutations

You are too large for most types of armour.
You have claws for hands.
Your natural rate of healing is unusually fast.
You are covered in fur. (AC +1)
You have tough skin. (AC +1)


Message History

Unknown command.
Unknown command.
(D) Dungeon
Where to? (Tab/Enter - D:4, ? - help)
There is a stone staircase leading down here.
You climb downwards.
There is a stone staircase leading up here.
Found a rapier.
Eustachio the Magnificent comes into view.
He is wielding a +3 rapier of venom.
Found 4 stones.
Eustachio shouts!
You hear a shout!
Eustachio casts a spell.
You claw Eustachio!
Eustachio is moderately wounded.
The quokka bites you but does no damage.
Eustachio hits you with a +3 rapier of venom.
You are poisoned.
A red film seems to cover your vision as you go berserk!
You feel yourself moving faster!
You feel mighty!
You claw Eustachio!
Eustachio is heavily wounded.
You feel sick. The quokka bites you.
Eustachio hits you with a +3 rapier of venom.
You are more poisoned.
You claw Eustachio!
Eustachio is severely wounded.
You feel sick. The quokka bites you.
You barely miss Eustachio.
Eustachio is severely wounded.
You feel sick. Eustachio completely misses you. The quokka barely misses you.
You closely miss Eustachio.
Eustachio is severely wounded.
You feel sick.
You scratch Eustachio.
Eustachio is almost dead.
You feel sick.
The quokka twitches its whiskers.
The quokka bites you.
Eustachio hits you with a +3 rapier of venom!
You are more poisoned.
You barely miss Eustachio.
Eustachio is almost dead.
You feel sick.
The quokka bites you but does no damage.
Eustachio mumbles some strange words.
Eustachio blinks!
You feel sick. The quokka attacks as it pursues you!
The quokka bites you but does no damage.
You feel a strong urge to attack something.
You feel sick.
You miss Eustachio.
Eustachio is almost dead.
You feel sick.
Eustachio hits you with a +3 rapier of venom.
You claw Eustachio!
You kill Eustachio!
The quokka disappears in a puff of smoke!
You feel sick.
Your Unarmed Combat skill increases to level 6!
You have reached level 6!
You feel stronger.
You feel sick.
Things that are here:
a +3 rapier of venom; a +0 leather armour You feel a strong urge to attack something.
You feel sick.
You are no longer berserk.
You are exhausted.
You feel yourself slow down.
You feel sick.
You feel sick.
You feel sick.
You are no longer poisoned.
Sigmund the Dreaded comes into view.
He is wielding a +4 scythe of protection and wearing a +2 robe of willpower.
Sigmund shouts!
Sigmund casts a spell.
Sigmund flickers and vanishes!
Deactivating autopickup; reactivate with Ctrl-A.
A magic dart appears from out of thin air!
The magic dart hits you!
A puff of flame appears from out of thin air!
The puff of flame hits you.
A puff of flame appears from out of thin air!
The puff of flame misses you.
A puff of flame appears from out of thin air!
The puff of flame hits you! Something hits you. Something hits you!
* * * LOW HITPOINT WARNING * * *
You barely miss something. Something hits you.
* * * LOW HITPOINT WARNING * * *
It was a potion of cancellation.
Your magical effects are unravelling.
You feel magically purged.
You feel yourself speed up. Something hits you.
* * * LOW HITPOINT WARNING * * *
It was a potion of brilliance.
You feel clever all of a sudden. Something hits you!
You die...

... ..........#..†.<......
##....######...............
# .... #####.##..........
#.....#####..##.##..........
...##.........#..#..##.....#
........#.##.#...#....#.....
........#.....).......##.#..
..........{##.........##.#..
...........@...#......#.....
............#(.#.#........##
.#...###...###...#..##....#
### ##.## ###...#####.## ###
##### ##


There were no monsters in sight!

Vanquished Creatures
  Eustachio (D:5)
  An ogre (D:4)
  A scorpion (D:5)
  A bombardier beetle (D:3)
  An orc (D:3)
  A quokka (D:3)
  A frilled lizard (D:3)
  A rat (D:3)
8 creatures vanquished.

Notes
Turn   | Place    | Note
-------+----------+-------------------------------------------
     0 | D:5      | EnegeticOcto the Troll Delver began the quest for the Orb.
     0 | D:5      | Reached XP level 1. HP: 22/22 MP: 0/0
    12 | D:5      | Noticed a scorpion
    22 | D:5      | Killed a scorpion
    23 | D:5      | Reached skill level 4 in Unarmed Combat
    23 | D:5      | Reached XP level 2. HP: 25/29 MP: 1/1
    23 | D:5      | Reached XP level 3. HP: 31/36 MP: 2/2
    53 | D:4      | Noticed an ogre
    57 | D:4      | Killed an ogre
    58 | D:4      | Reached skill level 5 in Unarmed Combat
    58 | D:4      | Reached XP level 4. HP: 44/44 MP: 3/3
    58 | D:4      | Reached XP level 5. HP: 50/50 MP: 4/4
    63 | D:3      | Found a transporter.
   141 | D:5      | Noticed Eustachio
   155 | D:5      | Killed Eustachio
   156 | D:5      | Reached skill level 6 in Unarmed Combat
   156 | D:5      | Reached XP level 6. HP: 42/59 MP: 5/5
   163 | D:5      | Noticed Sigmund
   178 | D:5      | Slain by Sigmund

Illustrated notes

Levels and vault maps discovered:
D:2:      layout_basic, serial_shops, nicolae_shop_rolling_square,
          feat_on_display
D:3:      layout_rooms, gammafunk_ghost_stat_death
D:4:      layout_cave_pools, slow_altar_2,
          mainiacjoe_overflow_concentric_impassable,
          mainiacjoe_sewer_entry_somewhere_in_here_1, minivault_4,
          kennysheep_decorative_pillar
D:5:      layout_cave_pools, mainiacjoe_overflow_alcove_1, uniq_sigmund,
          uniq_pikel, uniq_eustachio

Skill      XL: |  1  2  3  4  5 |
---------------+----------------+-----
Unarmed Combat | 4 5 6 |  6.7
Fighting       | |  2.4
Dodging        | |  1.5
Stealth        | |  2.7

Action                     |  1- 3 |  4- 6 || total
---------------------------+-------+-------++-------
  Melee: Unarmed           |     9 |    19 ||    28
    Use: Scroll            |     1 |     1 ||     2
         Potion            |       |     2 ||     2
   Stab: Sleeping          |       |     1 ||     1
 Armour: Robe              |     5 |    29 ||    34
  Dodge: Dodged            |     3 |     9 ||    12

Table legend:
 A = Kills in this place as a percentage of kills in the entire game.
 B = Kills by you in this place as a percentage of kills by you in the entire game.
 C = Kills by friends in this place as a percentage of kills by friends in the entire game.
 D = Other kills in this place as a percentage of other kills in the entire game.
 E = Experience gained in this place as a percentage of experience gained in the entire game.
 F = Experience gained in this place divided by the number of levels of this place that you have seen.
                   A       B       C       D       E      F
               +-------+-------+-------+-------+-------+----------------------
         Total | 100.0 | 100.0 |   N/A |   N/A | 100.0 | 117.2
       Dungeon | 100.0 | 100.0 |   N/A |   N/A | 100.0 | 117.2
               +-------+-------+-------+-------+-------+----------------------
